Unix NetHack Version 3.7.0-53 Work-in-progress - last build Apr 18 2022 03:42:42 (02b85442fffe0e2954e411e09df771b56fe27bbc,branch:master). Game began 2022-04-22 15:12:17, ended 2022-04-22 15:47:05. Arasaka, lawful female human Monk * ------ ----- $ |....| ------ |...| ------------- ).....| |.....## |...| |...........| ####|....| |....| ####*.....#####..o.........|###################|....%# |..>.-### # -|-.-### |.....{.....|# # |....|# |....| ## # ### ###.....@......|## ##### # ------# |.....# # # ###### -----[-------# -------|- # * ---.--# # # ################ |.......| # * # $ ### # # # ### |........## # ## ## # # # ###........| # $ * # # [---.- $ -.--- # |..---..| #### # # #|...| |...| # |..|%|..| #----- # # #|....##### |..<| ##### |..---..| %|..)| ---- # ###....| |....## |.......| #|._..####...| ---|----#### ----- ----- |.......| $ #|...| |..| |.%.)..-# |.......| $ #....| ---- |......| --------- ----- -------- $ Arasaka the Initiate St:15 Dx:12 Co:13 In:9 Wi:18 Ch:8 Lawful Dlvl:5 $:2597 HP:0(45) Pw:47(47) AC:1 Xp:6/514 T:2861 Latest messages: You finish eating the orc shaman corpse. Where do you want to travel to? (For instructions type a '?') What do you want to call? [ac-gotvwyABE-G or ?*] What do you want to take off? [abvA or ?*] You are not wearing that. In what direction? You kick the gas spore. Where do you want to travel to? (For instructions type a '?') In what direction? Ouch! That hurts! You kill the grid bug! The hill orc wields a broad short sword! In what direction? You kick the hill orc. The hill orc reels from the blow. In what direction? You kick the hill orc. The hill orc reels from the blow. In what direction? You kick the hill orc. In what direction? You kick the hill orc. You kill the hill orc! There are several objects here. You are hit by a poisoned crude arrow. The poison doesn't seem to affect you. You are hit by a poisoned crude arrow. The poison doesn't seem to affect you. There is a hill orc corpse here; eat it? [ynq] (n) There is a hill orc corpse here; eat it? [ynq] (n) You feel guilty. This hill orc corpse tastes terrible! You stop eating the hill orc corpse. There is a partly eaten hill orc corpse here; eat it? [ynq] (n) You resume your meal. You stop eating the hill orc corpse. There is a partly eaten hill orc corpse here; eat it? [ynq] (n) You resume your meal. You stop eating the hill orc corpse. The Uruk-hai thrusts her crude short sword. The Uruk-hai hits! You hit the Uruk-hai! The Uruk-hai thrusts her crude short sword. The Uruk-hai hits! You kill the Uruk-hai! You hear a nearby zap. The magic missile hits you! You die... Major events: Turn 1: Arasaka the lawful female human Monk entered the dungeon 344: entered the Gnomish Mines 551: attained the rank of Novice (level 3) 2446: attained the rank of Initiate (level 6) 2861: killed by a magic missile Inventory: Coins ('$') $ - 2597 gold pieces Armor ('[') v - an uncursed +0 dwarvish iron helm (being worn) a - an uncursed +2 pair of leather gloves (being worn) G - an uncursed +0 pair of elven boots w - an uncursed +1 pair of iron shoes A - an uncursed +0 pair of water walking boots (being worn) b - an uncursed +1 robe (being worn) Comestibles ('%') h - 7 uncursed apples p - 4 uncursed food rations m - 4 uncursed fortune cookies i - 5 uncursed oranges l - an uncursed tripe ration Scrolls ('?') y - an uncursed scroll of earth t - an uncursed scroll of fire o - an uncursed scroll of gold detection d - an uncursed scroll of taming F - 2 cursed scrolls of teleportation Spellbooks ('+') c - a blessed spellbook of confuse monster e - an uncursed spellbook of identify E - an uncursed spellbook of turn undead Potions ('!') f - 2 blessed potions of healing B - an uncursed potion of water Wands ('/') g - an uncursed wand of striking (0:2) Tools ('(') u - an uncursed blindfold Arasaka the Monk's attributes: Background: You were an Initiate, a level 6 female human Monk. You were lawful, on a mission for Shan Lai Ching who was opposed by Chih Sung-tzu (neutral) and Huan Ti (chaotic). You were in the Dungeons of Doom, on level 5. You entered the dungeon 2861 turns ago. You had 514 experience points, 126 more were needed to attain level 7. Basics: You had 0 out of 45 hit points. You had all 47 energy points (spell power). Your armor class was 1. Your wallet contained 2597 zorkmids. Autopickup was on for '$"?' plus thrown, with exceptions. Final Characteristics: Your strength was 15 (limit:18/100). Your dexterity was 12 (limit:18). Your constitution was 13 (limit:18). Your intelligence was 9 (limit:18). Your wisdom was 18 (limit:18). Your charisma was 8 (limit:18). Final Status: You were not hungry. You were unencumbered. You were empty handed. You were skilled in martial arts. Final Attributes: You were piously aligned. You were sleep resistant. You were poison resistant. You saw invisible. You were telepathic. You were stealthy. You could walk on water. You were guarded. You were fast. You were lucky. You are dead. Miscellaneous: You disabled loading of bones levels. Total elapsed playing time was 26 minutes and 37 seconds. Vanquished creatures: a snake 5 human zombies an Uruk-hai an orc shaman a gnome leader a kobold mummy 5 giant ants a floating eye a dwarf a homunculus 3 hill orcs a rabid rat 3 giant bats 3 dwarf zombies 2 iguanas a killer bee a coyote a gas spore 4 manes a hobgoblin a gecko 4 jackals 2 foxes a kobold 2 goblins 9 grid bugs 2 bats 6 lichens 4 newts 69 creatures vanquished. No species were genocided or became extinct. Voluntary challenges: You never hit with a wielded weapon. You were illiterate. You never engraved Elbereth. You never genocided any monsters. You never polymorphed an object. You never changed form. You used no wishes. Achievements: You entered the Gnomish Mines. You attained the rank of Novice. You attained the rank of Initiate. The Dungeons of Doom: levels 1 to 8 Level 1: Level 2: Stairs down to The Gnomish Mines. Level 3: Some fountains. Level 4: Level 5: "v" <- You were here. An altar to Shan Lai Ching, a fountain. Final resting place for you, killed by a magic missile. Level 6: Level 7: Some fountains. Level 8: The Gnomish Mines: Level 3: Game over: ---------- / \ / REST \ / IN \ / PEACE \ / \ | Arasaka | | 2597 Au | | killed by a | | magic missile | | | | | | 2022 | *| * * * | * _________)/\\_//(\/(/\)/\//\/|_)_______ Goodbye Arasaka the Monk... You died in The Dungeons of Doom on dungeon level 5 with 4774 points, and 2597 pieces of gold, after 2861 moves. You were level 6 with a maximum of 45 hit points when you died.